MLB
MILWAUKEE BREWERS @ LOS ANGELES (N) DODGERS
05/10/2042
 
TOP OF THE 1ST
Milwaukee Brewers batting - Pitching for Los Angeles (N) Dodgers : LHP Bob Young
Pitching: LHP Bob Young
Batting: SHB José Hernández 0-0: Swinging Strike
0-1: Swinging Strike
0-2: Strikes out swinging
Batting: LHB Jesús Garza 0-0: Called Strike
0-1: Ball
1-1: Foul Ball, location: 9LDF
1-2: Strikes out looking
Batting: RHB Pepe Franco 0-0: Ground out 5-3 (Groundball, 5S, EV 80.0 MPH)
Top of the 1st over - 0 runs, 0 hits, 0 errors, 0 left on base; Milwaukee 0 - Los Angeles (N) 0
BOTTOM OF THE 1ST
Los Angeles (N) Dodgers batting - Pitching for Milwaukee Brewers : RHP Joe Armstrong
Pitching: RHP Joe Armstrong
Batting: LHB Sean Williams 0-0: Ball
1-0: Ball
2-0: Ground out 6-3 (Groundball, 6, EV 98.8 MPH)
Batting: LHB António Moreno 0-0: Called Strike
0-1: DOUBLE (Groundball, 3L, EV 106.9 MPH)
Batting: SHB Gonzo Ganjahlez 0-0: Foul Ball, location: 2F
0-1: Ball
1-1: Swinging Strike
1-2: Fly out, F5 (Popup, 5S, EV 73.8 MPH)
Batting: RHB Abraão Vicente 0-0: Ball
1-0: Swinging Strike
1-1: Ball
2-1: Foul Ball, location: 2F
2-2: Ball
3-2: Strikes out swinging
Bottom of the 1st over - 0 runs, 1 hit, 0 errors, 1 left on base; Milwaukee 0 - Los Angeles (N) 0
TOP OF THE 2ND
Milwaukee Brewers batting - Pitching for Los Angeles (N) Dodgers : LHP Bob Young
Batting: LHB Jake Allen 0-0: Called Strike
0-1: Swinging Strike
0-2: Ball
1-2: Strikes out looking
Batting: LHB Jeff Flowers 0-0: Ball
1-0: Swinging Strike
1-1: Ball
2-1: Called Strike
2-2: Foul Ball, location: 2F
2-2: Strikes out swinging
Batting: RHB José Cruz 0-0: Called Strike
0-1: Swinging Strike
0-2: Ball
1-2: Strikes out looking
Top of the 2nd over - 0 runs, 0 hits, 0 errors, 0 left on base; Milwaukee 0 - Los Angeles (N) 0
BOTTOM OF THE 2ND
Los Angeles (N) Dodgers batting - Pitching for Milwaukee Brewers : RHP Joe Armstrong
Batting: RHB Luis Yagues 0-0: Ball
1-0: Called Strike
1-1: Foul Ball, location: 2F
1-2: Strikes out swinging
Batting: RHB José Costa 0-0: Foul Ball, location: 2F
0-1: Swinging Strike
0-2: Foul Ball, location: 3FF
0-2: Ball
1-2: Strikes out swinging
Batting: LHB Steve Hughs 0-0: Called Strike
0-1: Called Strike
0-2: Ball
1-2: SOLO HOME RUN (Line Drive, 9D, EV 96.3 MPH), Distance : 379 ft
Batting: RHB José Vázquez 0-0: Called Strike
0-1: Swinging Strike
0-2: Ball
1-2: Ground out 6-3 (Groundball, 6, EV 100.6 MPH)
Bottom of the 2nd over - 1 run, 1 hit, 0 errors, 0 left on base; Milwaukee 0 - Los Angeles (N) 1
TOP OF THE 3RD
Milwaukee Brewers batting - Pitching for Los Angeles (N) Dodgers : LHP Bob Young
Batting: RHB Juan Alvarado 0-0: Ball
1-0: Swinging Strike
1-1: Called Strike
1-2: Ball
2-2: Fly out, F8 (Flyball, 8RD, EV 95.0 MPH)
Batting: SHB Jim Henderson Jr. 0-0: Fly out, F8 (Flyball, 8RM, EV 86.3 MPH)
Batting: LHB Dave Lynch 0-0: Called Strike
0-1: Foul Ball, location: 25F
0-2: Foul Ball, location: 2F
0-2: Fly out, F8 (Flyball, 8LD, EV 90.0 MPH)
Top of the 3rd over - 0 runs, 0 hits, 0 errors, 0 left on base; Milwaukee 0 - Los Angeles (N) 1
BOTTOM OF THE 3RD
Los Angeles (N) Dodgers batting - Pitching for Milwaukee Brewers : RHP Joe Armstrong
Batting: RHB Don Powers 0-0: Foul Ball, location: 2RF
0-1: Foul Ball, location: 2F
0-2: Ball
1-2: Ball
2-2: Fly out, F8 (Flyball, 89D, EV 105.6 MPH)
Batting: LHB Sean Williams 0-0: Swinging Strike
0-1: Ball
1-1: Foul Ball, location: 3FF
1-2: Foul Ball, location: 23F
1-2: Ball
2-2: Ball
3-2: Fly out, F9 (Flyball, 89D, EV 106.9 MPH)
Batting: LHB António Moreno 0-0: Fly out, F9 (Flyball, 9, EV 94.4 MPH)
Bottom of the 3rd over - 0 runs, 0 hits, 0 errors, 0 left on base; Milwaukee 0 - Los Angeles (N) 1
TOP OF THE 4TH
Milwaukee Brewers batting - Pitching for Los Angeles (N) Dodgers : LHP Bob Young
Batting: SHB José Hernández 0-0: Fly out, F8 (Flyball, 8RD, EV 79.4 MPH)
Batting: LHB Jesús Garza 0-0: Called Strike
0-1: SINGLE (Groundball, 34D, EV 96.9 MPH)
Batting: RHB Pepe Franco 0-0: Ball
1-0: Ball
2-0: Foul Ball, location: 3F
2-1: Ball
3-1: Base on Balls
Jesús Garza to second
Batting: LHB Jake Allen 0-0: Ball
1-0: Ball
2-0: Foul Ball, location: 25FF
2-1: Swinging Strike
2-2: Strikes out swinging
Batting: LHB Jeff Flowers 0-0: Called Strike
0-1: Ball
1-1: Ball
2-1: Fielders Choice at 2nd, 6-4 (Groundball, 6, EV 92.5 MPH)
Top of the 4th over - 0 runs, 1 hit, 0 errors, 2 left on base; Milwaukee 0 - Los Angeles (N) 1
BOTTOM OF THE 4TH
Los Angeles (N) Dodgers batting - Pitching for Milwaukee Brewers : RHP Joe Armstrong
Batting: SHB Gonzo Ganjahlez 0-0: Called Strike
0-1: Foul Ball, location: 2F
0-2: Ball
1-2: Ground out 4-3 (Groundball, 34, EV 80.0 MPH)
Batting: RHB Abraão Vicente 0-0: Called Strike
0-1: Foul Ball, location: 7LDF
0-2: Foul Ball, location: 23F
0-2: Ball
1-2: Ball
2-2: Strikes out swinging
Batting: RHB Luis Yagues 0-0: Called Strike
0-1: Hit by Pitch
Batting: RHB José Costa 0-0: Ball
1-0: Called Strike
Luis Yagues steals 2nd base
1-1: Foul Ball, location: 2F
1-2: Ball
2-2: Ball
3-2: Strikes out swinging
Bottom of the 4th over - 0 runs, 0 hits, 0 errors, 1 left on base; Milwaukee 0 - Los Angeles (N) 1
TOP OF THE 5TH
Milwaukee Brewers batting - Pitching for Los Angeles (N) Dodgers : LHP Bob Young
Batting: RHB José Cruz 0-0: Called Strike
0-1: Ball
1-1: Ball
2-1: SINGLE (Line Drive, 6D, EV 97.5 MPH)
Batting: RHB Juan Alvarado 0-0: Called Strike
0-1: Called Strike
0-2: Foul Ball, location: 9LMF
0-2: SINGLE (Groundball, 34D, EV 96.3 MPH)
José Cruz to second
Batting: SHB Jim Henderson Jr. 0-0: Called Strike
0-1: Foul Ball, location: 2F
0-2: Foul Ball, location: 9LMF
0-2: Strikes out swinging
Batting: LHB Dave Lynch 0-0: Fly out, F5 (Popup, 5SF, EV 75.0 MPH)
Batting: SHB José Hernández 0-0: Ground out 3-1 (Groundball, 34, EV 102.5 MPH)
Top of the 5th over - 0 runs, 2 hits, 0 errors, 2 left on base; Milwaukee 0 - Los Angeles (N) 1
BOTTOM OF THE 5TH
Los Angeles (N) Dodgers batting - Pitching for Milwaukee Brewers : RHP Joe Armstrong
Batting: LHB Steve Hughs 0-0: Ball
1-0: Foul Ball, location: 2F
1-1: Called Strike
1-2: Strikes out swinging
Batting: RHB José Vázquez 0-0: Ball
1-0: Called Strike
1-1: Ground out 6-3 (Groundball, 6, EV 85.0 MPH)
Batting: RHB Don Powers 0-0: Foul Ball, location: 23F
0-1: Ball
1-1: Ball
2-1: Foul Ball, location: 5F
2-2: Strikes out looking
Bottom of the 5th over - 0 runs, 0 hits, 0 errors, 0 left on base; Milwaukee 0 - Los Angeles (N) 1
TOP OF THE 6TH
Milwaukee Brewers batting - Pitching for Los Angeles (N) Dodgers : LHP Bob Young
Batting: LHB Jesús Garza 0-0: Foul Ball, location: 25F
0-1: Ball
1-1: Foul Ball, location: 9LMFF
1-2: Ball
2-2: Strikes out swinging
Batting: RHB Pepe Franco 0-0: Fly out, F8 (Line Drive, 8LD, EV 92.5 MPH)
Batting: LHB Jake Allen 0-0: Ball
1-0: Ball
2-0: Ball
3-0: Called Strike
3-1: Base on Balls
Batting: LHB Jeff Flowers 0-0: Called Strike
0-1: Ground out 4-3 (Groundball, 4, EV 88.8 MPH)
Top of the 6th over - 0 runs, 0 hits, 0 errors, 1 left on base; Milwaukee 0 - Los Angeles (N) 1
BOTTOM OF THE 6TH
Los Angeles (N) Dodgers batting - Pitching for Milwaukee Brewers : RHP Joe Armstrong
Batting: LHB Sean Williams 0-0: Ball
1-0: Ground out 6-3 (Groundball, 6, EV 80.6 MPH)
Batting: LHB António Moreno 0-0: Fly out, F4 (Line Drive, 4, EV 67.5 MPH)
Batting: SHB Gonzo Ganjahlez 0-0: Ball
1-0: Ground out 6-3 (Groundball, 6, EV 67.5 MPH)
Bottom of the 6th over - 0 runs, 0 hits, 0 errors, 0 left on base; Milwaukee 0 - Los Angeles (N) 1
TOP OF THE 7TH
Milwaukee Brewers batting - Pitching for Los Angeles (N) Dodgers : LHP Bob Young
Batting: RHB José Cruz 0-0: Ball
1-0: Called Strike
1-1: Ball
2-1: Fly out, F7 (Line Drive, 7, EV 103.1 MPH)
Batting: RHB Juan Alvarado 0-0: Fly out, F3 (Line Drive, 3, EV 66.9 MPH)
Batting: SHB Jim Henderson Jr. 0-0: Called Strike
0-1: Ball
1-1: Ball
2-1: Ball
3-1: Foul Ball, location: 2F
3-2: Foul Ball, location: 2F
3-2: Foul Ball, location: 2F
3-2: Foul Ball, location: 2F
3-2: Ground out 5-3 (Groundball, 56S, EV 85.0 MPH)
Top of the 7th over - 0 runs, 0 hits, 0 errors, 0 left on base; Milwaukee 0 - Los Angeles (N) 1
BOTTOM OF THE 7TH
Los Angeles (N) Dodgers batting - Pitching for Milwaukee Brewers : RHP Joe Armstrong
Batting: RHB Abraão Vicente 0-0: Called Strike
0-1: Ground out 6-3 (Groundball, 6, EV 80.0 MPH)
Batting: RHB Luis Yagues 0-0: Ball
1-0: Ball
2-0: Swinging Strike
2-1: Foul Ball, location: 2LF
2-2: Ball
3-2: SINGLE (Line Drive, 34D, EV 98.1 MPH)
Batting: RHB José Costa 0-0: Foul Ball, location: 5FF
0-1: Ball
1-1: Ball
2-1: Grounds into double play, 4-6-3 (Groundball, 4M, EV 101.3 MPH)
Bottom of the 7th over - 0 runs, 1 hit, 0 errors, 0 left on base; Milwaukee 0 - Los Angeles (N) 1
TOP OF THE 8TH
Milwaukee Brewers batting - Pitching for Los Angeles (N) Dodgers : LHP Bob Young
Now in RF: Chris Ford
Batting: LHB Dave Lynch 0-0: Ball
1-0: Swinging Strike
1-1: Ball
2-1: Called Strike
2-2: Fly out, F8 (Flyball, 8RM, EV 85.0 MPH)
Batting: SHB José Hernández 0-0: Called Strike
0-1: Swinging Strike
0-2: Ball
1-2: Ball
2-2: SINGLE (Groundball, 34D, EV 96.3 MPH)
Pinch Hitting: RHB António Hernández 0-0: Ball
1-0: Called Strike
1-1: Foul Ball, location: 25F
1-2: Strikes out looking
Batting: RHB Pepe Franco 0-0: Ball
1-0: Ball
2-0: Ground out 4-3 (Groundball, 34, EV 101.9 MPH)
Top of the 8th over - 0 runs, 1 hit, 0 errors, 1 left on base; Milwaukee 0 - Los Angeles (N) 1
BOTTOM OF THE 8TH
Los Angeles (N) Dodgers batting - Pitching for Milwaukee Brewers : RHP Joe Armstrong
Now at 2B: Dan Howard
Batting: LHB Steve Hughs 0-0: Swinging Strike
0-1: Ball
1-1: Foul Ball, location: 25FF
1-2: Ground out 4-3 (Groundball, 4D, EV 101.3 MPH)
Batting: RHB José Vázquez 0-0: Ball
1-0: Swinging Strike
1-1: Called Strike
1-2: Strikes out looking
Batting: RHB Don Powers 0-0: Foul Ball, location: 2F
0-1: Ball
1-1: Ball
2-1: Swinging Strike
2-2: Foul Ball, location: 9LSF
2-2: Foul Ball, location: 9LSF
2-2: Ball
3-2: Foul Ball, location: 2F
3-2: Foul Ball, location: 9LMF
3-2: Foul Ball, location: 25FF
3-2: Foul Ball, location: 3SF
3-2: SINGLE (Groundball, 6MD, EV 103.8 MPH)
Batting: LHB Sean Williams 0-0: Called Strike
0-1: Ball
1-1: Fly out, F9 (Flyball, 9D, EV 83.1 MPH)
Bottom of the 8th over - 0 runs, 1 hit, 0 errors, 1 left on base; Milwaukee 0 - Los Angeles (N) 1
TOP OF THE 9TH
Milwaukee Brewers batting - Pitching for Los Angeles (N) Dodgers : LHP Bob Young
Pitching: RHP Jeff Clark
Batting: LHB Jake Allen 0-0: Fly out, F7 (Flyball, 7LMF, EV 78.1 MPH)
Batting: LHB Jeff Flowers 0-0: Swinging Strike
0-1: Foul Ball, location: 7LDF
0-2: Ball
1-2: Foul Ball, location: 2F
1-2: Strikes out looking
Pinch Hitting: LHB Jorge Ramírez 0-0: Called Strike
0-1: Ball
1-1: Ball
2-1: Called Strike
2-2: SOLO HOME RUN (Flyball, 7D, EV 95.0 MPH), Distance : 368 ft
Batting: RHB Juan Alvarado 0-0: Called Strike
0-1: Ball
1-1: Ball
2-1: Swinging Strike
2-2: Ball
3-2: Fly out, F9 (Flyball, 9, EV 91.9 MPH)
Top of the 9th over - 1 run, 1 hit, 0 errors, 0 left on base; Milwaukee 1 - Los Angeles (N) 1
BOTTOM OF THE 9TH
Los Angeles (N) Dodgers batting - Pitching for Milwaukee Brewers : RHP Joe Armstrong
Pitching: RHP Edgardo Guzmán
Now at SS: Jorge Ramírez
Batting: RHB Chris Ford 0-0: Ball
1-0: Ground out 4-3 (Groundball, 4S, EV 60.6 MPH)
Batting: SHB Gonzo Ganjahlez 0-0: Ball
1-0: Ball
2-0: Ball
3-0: Called Strike
3-1: Base on Balls
Batting: RHB Abraão Vicente 0-0: Ball
1-0: SINGLE (Groundball, 56D, EV 95.0 MPH)
Gonzo Ganjahlez to second
Batting: RHB Luis Yagues 0-0: SINGLE (Line Drive, 34, EV 93.8 MPH)
Gonzo Ganjahlez to third
Abraão Vicente to second
Batting: RHB José Costa 0-0: Ball
1-0: Foul Ball, location: 25F
1-1: Ball
2-1: Fly out, F7 (Line Drive, 7, EV 88.8 MPH)
Batting: LHB Steve Hughs 0-0: Called Strike
0-1: Fly out, F7 (Line Drive, 7LM, EV 98.8 MPH)
Bottom of the 9th over - 0 runs, 2 hits, 0 errors, 3 left on base; Milwaukee 1 - Los Angeles (N) 1
TOP OF THE 10TH
Milwaukee Brewers batting - Pitching for Los Angeles (N) Dodgers : RHP Jeff Clark
Juan Alvarado starts the inning at 2nd base.
Batting: SHB Jim Henderson Jr. 0-0: Bunted foul
0-1: Bunt - Flyout to 3S! F3
Batting: LHB Dave Lynch 0-0: Ball
1-0: SINGLE (Line Drive, 6M, EV 95.0 MPH)
Juan Alvarado to third
Batting: SHB José Hernández 0-0: SINGLE (Groundball, 56, EV 106.3 MPH)
Juan Alvarado scores
Dave Lynch to second
Batting: RHB Dan Howard 0-0: DOUBLE (Flyball, 89XD, EV 93.8 MPH)
Dave Lynch scores
José Hernández to third
Runner from 3rd tries for Home, SAFE, throw by CF to trailing runner, SAFE at third!
Pitching: RHP Phil Watkins
Batting: RHB Pepe Franco 0-0: Ball
Wild Pitch!
Dan Howard scores
1-0: Fly out, F8 (Flyball, 8LM, EV 85.0 MPH)
Batting: LHB Jake Allen 0-0: Ball
1-0: Fly out, F7 (Flyball, 7, EV 95.6 MPH)
Top of the 10th over - 4 runs, 3 hits, 0 errors, 0 left on base; Milwaukee 5 - Los Angeles (N) 1
BOTTOM OF THE 10TH
Los Angeles (N) Dodgers batting - Pitching for Milwaukee Brewers : RHP Edgardo Guzmán
Steve Hughs starts the inning at 2nd base.
Pitching: RHP Ken Ewing
Batting: RHB José Vázquez 0-0: Foul Ball, location: 2RF
0-1: Swinging Strike
0-2: Strikes out swinging
Batting: RHB Don Powers 0-0: Swinging Strike
0-1: Foul Ball, location: 7LDF
0-2: DOUBLE (Groundball, 3L, EV 103.8 MPH)
Steve Hughs scores
Batting: LHB Sean Williams 0-0: SINGLE (Groundball, 6S, EV 72.5 MPH)
Don Powers to third
Pitching: RHP Raúl Deleón
Batting: RHB Chris Ford 0-0: SINGLE (Line Drive, 89M, EV 93.1 MPH)
Don Powers scores
Sean Williams to second
Batting: SHB Gonzo Ganjahlez 0-0: Called Strike
0-1: Ball
1-1: Ball
2-1: Ball
3-1: Fly out, F9 (Flyball, 9S, EV 93.1 MPH)
Batting: RHB Abraão Vicente 0-0: Called Strike
0-1: Called Strike
0-2: Strikes out swinging
Bottom of the 10th over - 2 runs, 3 hits, 0 errors, 2 left on base; Milwaukee 5 - Los Angeles (N) 3
Wednesday, May 1st , 2024 - OOTP Baseball 24.10 Build 82